 Dungeon Crawl Stone Soup version 0.29.1-1-gd02db6906a (webtiles) character file.

Game seed: 6948096946953831872

83 vvl the Trooper (level 4, -2/36 HPs)
             Began as a Demonspawn Fighter on Oct 14, 2022.
             Killed from afar by an orc wizard (6 damage)
             ... with a puff of flame
             ... on level 3 of the Dungeon.
             The game lasted 00:03:45 (2472 turns).

vvl the Trooper (Demonspawn Fighter)                Turns: 2472, Time: 00:03:46

Health: -2/36      AC:  8    Str: 16    XL:     4   Next: 22%
Magic:  5/5        EV:  8    Int: 10    God:
Gold:   161        SH:  5    Dex: 16    Spells: 5/5 levels left

rFire   . . .      SeeInvis .   r - +2 dagger (venom)
rCold   . . .      Faith    .   c - +0 buckler
rNeg    + . .      Spirit   .   b - +0 scale mail
rPois   .          Reflect  .   (helmet restricted)
rElec   .          Harm     .   p - +0 cloak
rCorr   .          Rampage  .   (no gloves)
Will    .....                   (no boots)
Stlth   ..........              (no amulet)
HPRegen 0.12/turn               t - ring of positive energy
MPRegen 0.09/turn               (no ring)

@: no status effects
A: horns 1, rugged brown scales 1, talons 1, agile 1
a: no special abilities


You were on level 3 of the Dungeon.
You visited 1 branch of the dungeon, and saw 3 of its levels.

You collected 161 gold pieces.

Inventory:

Hand Weapons
 a - a +0 long sword
 r - a +2 dagger of venom (weapon)
Armour
 b - a +0 scale mail (worn)
 c - a +0 buckler (worn)
 p - a +0 cloak (worn)
Jewellery
 t - a ring of positive energy (left hand)
Scrolls
 g - 3 scrolls of identify {unknown}
 l - 2 scrolls of enchant weapon {unknown}
 m - a scroll of torment {unknown}
 n - 2 scrolls of enchant armour {unknown}
 q - 4 scrolls of teleportation {unknown}
Potions
 d - a potion of might
 e - a potion of haste {unknown}
 f - a potion of invisibility {unknown}
 h - a potion of attraction {unknown}
 i - a potion of ambrosia {unknown}
 j - 2 potions of mutation
 k - a potion of curing
 o - a potion of cancellation {unknown}
 s - a potion of heal wounds {unknown}


   Skills:
 + Level 3.2 Fighting
 + Level 2.2 Long Blades
 + Level 3.0 Armour
 + Level 3.0 Shields
 + Level 1.0 Spellcasting
 + Level 1.0 Conjurations
 + Level 1.5 Necromancy
 + Level 0.3 Transmutations


You had 5 spell levels left.
You didn't know any spells.
Your spell library contained the following spells:

 Spells                   Type           Power      Damage    Failure   Level
 Magic Dart               Conj           8%         1d3       71%         1
 Searing Ray              Conj           4%         2d4       85%         2
 Fulminant Prism          Conj/Hex       0%         3d6       100%        4
 Borgnjor's Revivificati  Necr           1%         N/A       100%        8
 Necromutation            Tmut/Necr      1%         N/A       100%        8
 Death's Door             Necr           1%         N/A       100%        9


Dungeon Overview and Level Annotations

Branches:
Dungeon (3/15)

Altars:


Innate Abilities, Weirdness & Mutations

You have a pair of small horns on your head.
You are partially covered in rugged brown scales. (AC +1, +3% HP)
You have sharp toenails.
You are agile. (Dex +4, Str/Int -1)


Message History

The endoplasm is lightly wounded.
The endoplasm freezes you.
You are frozen.
You hit the endoplasm.
The endoplasm is almost dead.
The endoplasm freezes you.
You are frozen.
You hit the endoplasm but do no damage.
The endoplasm is poisoned.
The endoplasm is almost dead.
The endoplasm freezes you.
You are frozen.
* * * LOW HITPOINT WARNING * * *
It was a potion of mutation.
You feel extremely strange.
Your toenails lengthen and sharpen.
You feel agile.
You kill the endoplasm!
Your life force feels restored.
It was a potion of curing.
You feel better. Something hits you but does no damage.
You hit something but do no damage.
The orc throws a boomerang.
You block the boomerang.
You hear some strange, mumbled words.
Something tries to affect you, but you resist.
You hit something. Your kick misses something. The orc closely misses you.
You hear some strange, mumbled words.
A magic dart appears from out of thin air!
The magic dart hits you but does no damage.
You hit something.
The orc hits you from afar with a +0 trident.
* * * LOW HITPOINT WARNING * * *
You hear some strange, mumbled words.
A puff of flame appears from out of thin air!
You block the puff of flame.
You miss something. Your kick misses something. Your headbutt misses something.
A rat comes into view.
The orc hits you from afar with a +0 trident.
* * * LOW HITPOINT WARNING * * *
You hear some strange, mumbled words.
A puff of flame appears from out of thin air!
The puff of flame hits you.
You die...

....#.#...#####
....#.#.......##
#.#.#.#........#
....#.#........#
....#.#........#
....#.#........#
....#.#........####
..(........###.#..#
....#.########.#@#
...............#{#.##..
..... ...####.oJo......
.... #...[#........
.... #....#........
.... #....#........
#### ............r..
##### ####............
....# #..##.##..=..


You could see 2 orcs, an endoplasm and a rat (wandering).

Vanquished Creatures
  2 adders
  2 worms
  3 dart slugs
  2 orcs (D:3)
  A bat (D:1)
  4 endoplasms
  A giant cockroach (D:1)
  5 goblins
  3 hobgoblins
  5 kobolds
  4 quokkas
  3 ball pythons (D:2)
  9 frilled lizards
  6 rats
50 creatures vanquished.

Vanquished Creatures (others)
  7 plants (D:2)
7 creatures vanquished.

Grand Total: 57 creatures vanquished

Notes
Turn   | Place    | Note
-------+----------+-------------------------------------------
     0 | D:1      | vvl the Demonspawn Fighter began the quest for the Orb.
     0 | D:1      | Reached XP level 1. HP: 18/18 MP: 1/1
   196 | D:1      | Found a faded altar of an unknown god.
   353 | D:1      | Gained mutation: You have a pair of small horns on your
                  | head. [demonic ancestry]
   353 | D:1      | Reached XP level 2. HP: 24/24 MP: 2/2
  1245 | D:2      | Reached skill level 1 in Necromancy
  1245 | D:2      | Gained mutation: You are partially covered in rugged brown
                  | scales. (AC +1, +3% HP) [demonic ancestry]
  1245 | D:2      | Reached XP level 3. HP: 19/29 MP: 3/3
  1920 | D:2      | Reached skill level 1 in Conjurations
  2334 | D:3      | Reached skill level 1 in Spellcasting
  2334 | D:3      | Reached XP level 4. HP: 30/36 MP: 5/5
  2467 | D:3      | Gained mutation: You have sharp toenails. [potion of
                  | mutation]
  2467 | D:3      | Gained mutation: You are agile. (Dex +4, Str/Int -1)
                  | [potion of mutation]
  2472 | D:3      | Killed from afar by an orc wizard

Illustrated notes

Levels and vault maps discovered:
D:1:      giann_horns, layout_loops_corners, hellmonk_ecumenical_altar_blasted
D:2:      layout_basic, serial_forest, infiniplex_forest_lined_2,
          infiniplex_forest_clump_C, infiniplex_forest_clump_diagonal,
          infiniplex_forest_corner_2, infiniplex_forest_corner_1,
          infiniplex_forest_clump_small, minmay_lizard_king
D:3:      layout_basic, mainiacjoe_overflow_small_starburst,
          chequers_temple_overflow_minitemple

Skill      XL: |  1  2  3 |
---------------+----------+-----
Long Blades    | 2 |  2.2
Necromancy     | 1 |  1.5
Shields        | 3 |  3.0
Conjurations   | 1 |  1.0
Armour         | 3 |  3.0
Spellcasting   | 1 |  1.0
Fighting       | |  3.2
Transmutations | |  0.3

Action                   |  1- 3 |  4- 6 || total
-------------------------+-------+-------++-------
Melee: Long sword        |    78 |       ||    78
       Headbutt          |     9 |     4 ||    13
       Dagger            |    33 |    25 ||    58
  Use: Potion            |       |     2 ||     2
Armor: Scale mail        |    41 |     8 ||    49
Dodge: Dodged            |    41 |    10 ||    51
Block: Buckler           |    20 |     5 ||    25
